 Dungeon Crawl Stone Soup version 0.31-a0-217-g58bb5d79cf (webtiles) character file.

Game seed: 9922645825500650237

4510 qw the Cleaver (level 10, -7/64 HPs)
             Began as a Gargoyle Fighter on July 2, 2023.
             Mangled by a komodo dragon (22 damage)
             ... on level 8 of the Dungeon.
             The game lasted 00:03:33 (7351 turns).

qw the Cleaver (Gargoyle Fighter)                   Turns: 7351, Time: 00:03:34

Health: -7/64      AC: 19    Str: 28 (29) XL:     10   Next: 39%
Magic:  10/10      EV:  9    Int:  9 (10) God:
Gold:   500        SH:  4    Dex:  9      Spells: 9/9 levels left

rFire   + . .        Y - +1 war axe (spect)
rCold   . . .        c - +0 buckler
rNeg    + . .        t - +0 chain mail
rPois   inf          u - +0 helmet
rElec   +            (no cloak)
rCorr   .            (no gloves)
SInv    .            i - +0 pair of boots
Will    .....        (no amulet) Stlth
                     h - ring of protection from fire
HPRegen 0.30/turn    g - +6 ring of strength
MPRegen 0.12/turn

%: no passive effects
@: no status effects
A: sickness immunity, AC +7, negative energy resistance 1, electricity
resistance, torment resistance 1, petrification resistance, deterioration 1
a: no special abilities


You were on level 8 of the Dungeon.
You visited 2 branches of the dungeon, and saw 9 of its levels.

You collected 500 gold pieces.


Innate Abilities, Weirdness & Mutations

You are immune to sickness and miasma.
Your stone body is resilient. (AC +7)
You are immune to poison.
You resist negative energy. (rN+)
You are resistant to electric shocks. (rElec)
You are resistant to unholy torment.
You are immune to petrification.
Your body sometimes deteriorates upon taking damage.


   Skills:
 - Level 8.1 Fighting
 - Level 10.0 Axes
 - Level 5.1 Throwing
 - Level 5.5 Armour
 - Level 1.7 Dodging
 + Level 4.3 Shields


You had 9 spell levels left.
You didn't know any spells.
Your spell library was empty.

Inventory:

Hand Weapons
 v - a +0 whip
 Y - a +1 spectral war axe (weapon)
Missiles
 n - 14 boomerangs
Armour
 c - a +0 buckler (worn)
 i - a +0 pair of boots (worn)
 t - a +0 chain mail (worn)
 u - a +0 helmet (worn)
Jewellery
 g - a +6 ring of strength (right hand)
 h - a ring of protection from fire (left hand)
Wands
 o - a wand of digging (3)
Scrolls
 a - 2 scrolls of identify
 b - a scroll of enchant armour {unknown}
Potions
 d - 3 potions of might
 e - a potion of attraction
 f - a potion of enlightenment
 j - 5 potions of curing
 k - 2 potions of haste
 l - a potion of resistance
 m - a potion of heal wounds {unknown}
 q - a potion of magic {unknown}
 s - a potion of lignification {unknown}

Dungeon Overview and Level Annotations

Branches:
Dungeon (8/15)             Temple (1/1) D:4            Lair (0/5) D:8

Altars:
Ashenzari
Cheibriados
Elyvilon
Fedhas
Gozag
Hepliaklqana
Kikubaaqudgha
Makhleb
Nemelex Xobeh
Qazlal
Ru
Sif Muna
Vehumet
Xom
Yredelemnul
Zin
The Shining One

Shops:
D:4 =

Annotations:
D:3 2 runed translucent doors
D:5 1 runed translucent door, Crazy Yiuf
D:6 exclusion: moth of wrath


Message History

Enter note:
Enter note:
Enter note:
Enter note:
Enter note:
Enter note:
Enter note:
Enter note:
Enter note:
Enter note:
Enter note:
Enter note:
Enter note:
Enter note:
Enter note:
Enter note:
7331 ||| DROPPING +0 club.
You drop a +0 club.
You open the door.
The komodo dragon hisses angrily.
There is an open door here.
You throw a silver javelin.
The silver javelin pierces through the komodo dragon!
The komodo dragon is moderately wounded.
You hit the komodo dragon.
The komodo dragon is moderately wounded.
Your +1 spectral war axe hits the komodo dragon but does no damage.
The komodo dragon bites you!!
You barely miss the komodo dragon.
The komodo dragon is moderately wounded.
Your +1 spectral war axe hits the komodo dragon but does no damage.
The komodo dragon bites you!
You hit the komodo dragon but do no damage.
The komodo dragon is moderately wounded.
Your +1 spectral war axe hits the komodo dragon.
The komodo dragon bites you!
You slash the komodo dragon!
The komodo dragon is severely wounded.
Your +1 spectral war axe hits the komodo dragon.
The komodo dragon bites you!!
You die...

................#......##....#
####'##.........#......##....##+#
...)))#.........'................
......#.........#................
......#....[....#......<.........
.....##.........#.....###....##..
.....######.....#.....###....##..
..........#.....#............##..
#.........#.....@................
#.........#.....#l(..............
#.........#.....#................
#....######.....#.....##.......>.
#....#..........#.....##.....##..
.....'..........#.....##.....##..
.....#..........#.....(#.....##..
#....#..........#......#....(##>.
.....#..........#......#.........


You could see a komodo dragon and a friendly +1 spectral war axe.

Vanquished Creatures
  Pikel (D:5)
  A hornet (D:8)
  6 yaks (D:8)
  2 steam dragons
  2 water moccasins
  3 sky beasts
  2 black bears
  2 ogres
  4 phantoms
  A lemure (D:5)
  2 bullfrogs
  2 scorpions
  10 killer bees
  4 jellies
  4 hounds
  6 orc priests
  Jessica (D:2)
  Ijyb (D:1)
  An iguana (D:5)
  A sleepcap (D:8)
  9 orc wizards
  3 adders
  A shadow imp (D:6)
  A white imp (D:7)
  2 ufetubi
  A worm (D:2)
  3 dart slugs
  26 orcs
  8 ball pythons
  7 endoplasms
  3 giant cockroaches
  9 goblins
  9 hobgoblins
  4 quokkas
  5 bats
  5 frilled lizards
  5 kobolds
  9 rats
166 creatures vanquished.

Notes
Turn   | Place    | Note
-------+----------+-------------------------------------------
     0 | D:1      | qw the Gargoyle Fighter began the quest for the Orb.
     0 | D:1      | Reached XP level 1. HP: 14/14 MP: 1/1
     0 | D:1      | 0 ||| qw: Version: 0.3-a-40-ge99b1a8
     0 | D:1      | 0 ||| qw: Game counter: 229
     0 | D:1      | 0 ||| qw: Melee chars always use a shield: true
     0 | D:1      | 0 ||| qw: God list: Okawaru
     0 | D:1      | 0 ||| qw: Allow faded altars: false
     0 | D:1      | 0 ||| qw: Do Orc after clearing Dungeon:15 true
     0 | D:1      | 0 ||| qw: Do second Lair branch before Depths: true
     0 | D:1      | 0 ||| qw: Lair rune preference: random
     0 | D:1      | 0 ||| qw: Goals: Normal, Zot:1-4, Slime:5, God:TSO, Crypt,
                  | Tomb, Abyss, Pan, Hells, Win
     0 | D:1      | 0 ||| PLANNING D:1-11
    19 | D:1      | Reached skill level 2 in Axes
   158 | D:1      | Reached XP level 2. HP: 19/19 MP: 2/2
   161 | D:1      | Found a faded altar of an unknown god.
   186 | D:1      | 186 ||| Stepping ~*~*~tactically~*~*~ (stealth).
   245 | D:1      | 245 ||| Stepping ~*~*~tactically~*~*~ (hiding).
   274 | D:1      | 274 ||| Stepping ~*~*~tactically~*~*~ (stealth).
   279 | D:1      | Reached skill level 3 in Axes
   369 | D:1      | Reached XP level 3. HP: 23/23 MP: 3/3
   372 | D:1      | 372 ||| Stepping ~*~*~tactically~*~*~ (stealth).
   389 | D:1      | 389 ||| Stepping ~*~*~tactically~*~*~ (stealth).
   662 | D:1      | 662 ||| UPGRADING to +0 pair of boots.
   667 | D:1      | 667 ||| UPGRADING to ring of protection from fire.
   668 | D:1      | 668 ||| READING 2 scrolls labelled PEEGOZ QEIM.
   669 | D:1      | 669 ||| READING scroll labelled BETZALUANETE.
   670 | D:1      | 670 ||| READING scroll labelled ERONEO JIPSU.
   671 | D:1      | 671 ||| DRINKING 2 metallic red potions.
   849 | D:2      | Noticed Jessica
   862 | D:2      | Killed Jessica
   863 | D:2      | Reached skill level 4 in Axes
   863 | D:2      | Reached XP level 4. HP: 18/28 MP: 4/4
  1430 | D:2      | 1430 ||| READING scroll labelled YNUIFO LYIL.
  1431 | D:2      | 1431 ||| READING scroll labelled DOGOUMP XEKH.
  1532 | D:2      | 1532 ||| READING scroll labelled ZESUFO ZUVUOW.
  1533 | D:2      | 1533 ||| READING scroll labelled SANUME TOJIRU.
  1602 | D:3      | 1602 ||| Stepping ~*~*~tactically~*~*~ (hiding).
  1612 | D:3      | Reached XP level 5. HP: 32/32 MP: 5/5
  1613 | D:3      | Noticed Ijyb
  1614 | D:3      | 1614 ||| Stepping ~*~*~tactically~*~*~ (hiding).
  1623 | D:3      | 1623 ||| FLEEEEING.
  1624 | D:3      | 1624 ||| FLEEEEING.
  1625 | D:3      | 1625 ||| FLEEEEING.
  1626 | D:3      | 1626 ||| FLEEEEING.
  1627 | D:3      | 1627 ||| FLEEEEING.
  1628 | D:3      | 1628 ||| FLEEEEING.
  1629 | D:3      | 1629 ||| FLEEEEING.
  1630 | D:3      | 1630 ||| FLEEEEING.
  1631 | D:3      | 1631 ||| FLEEEEING.
  1632 | D:3      | 1632 ||| FLEEEEING.
  1633 | D:3      | 1633 ||| FLEEEEING.
  1634 | D:3      | 1634 ||| FLEEEEING.
  1635 | D:3      | 1635 ||| FLEEEEING.
  1636 | D:3      | 1636 ||| FLEEEEING.
  1637 | D:3      | 1637 ||| FLEEEEING.
  1638 | D:3      | 1638 ||| FLEEEEING.
  1639 | D:3      | 1639 ||| STAIRDANCE
  1641 | D:2      | 1641 ||| FLEEEEING.
  1642 | D:2      | 1642 ||| FLEEEEING.
  1643 | D:2      | 1643 ||| FLEEEEING.
  1644 | D:2      | 1644 ||| FLEEEEING.
  1645 | D:2      | 1645 ||| STAIRDANCE
  1651 | D:1      | Killed Ijyb
  1652 | D:1      | Reached skill level 5 in Axes
  1710 | D:1      | 1710 ||| DROPPING +0 club.
  1895 | D:3      | Found a large runed translucent door.
  1896 | D:3      | Found a large runed translucent door.
  2394 | D:3      | 2394 ||| READING scroll labelled QUXEKK QAUNOKO.
  2461 | D:4      | Found a sparkling altar of Nemelex Xobeh.
  2538 | D:4      | 2538 ||| Stepping ~*~*~tactically~*~*~ (stealth).
  2554 | D:4      | 2554 ||| Stepping ~*~*~tactically~*~*~ (stealth).
  2555 | D:4      | 2555 ||| Stepping ~*~*~tactically~*~*~ (stealth).
  2567 | D:4      | 2567 ||| Stepping ~*~*~tactically~*~*~ (stealth).
  2569 | D:4      | 2569 ||| Stepping ~*~*~tactically~*~*~ (hiding).
  2570 | D:4      | 2570 ||| Stepping ~*~*~tactically~*~*~ (hiding).
  2689 | D:4      | Noticed a phantom
  2694 | D:4      | Found a broken altar of Ashenzari.
  2820 | D:4      | Killed a phantom
  2821 | D:4      | Reached skill level 1 in Dodging
  2821 | D:4      | Reached XP level 6. HP: 32/38 MP: 6/6
  2899 | D:4      | 2899 ||| DROPPING +0 whip.
  2929 | D:4      | Identified the +9 dagger "Onomaa" {freeze, Fly rPois}
  2947 | D:4      | Found a white marble altar of Elyvilon.
  3036 | D:4      | Found a shimmering altar of Xom.
  3037 | D:4      | 3037 ||| Stepping ~*~*~tactically~*~*~ (stealth).
  3040 | D:4      | 3040 ||| Stepping ~*~*~tactically~*~*~ (stealth).
  3046 | D:4      | Noticed an angel
  3051 | D:4      | Reached skill level 1 in Throwing
  3062 | D:4      | 3062 ||| Stepping ~*~*~tactically~*~*~ (stealth).
  3062 | D:4      | Found a glowing silver altar of Zin.
  3063 | D:4      | 3063 ||| Stepping ~*~*~tactically~*~*~ (stealth).
  3077 | D:4      | Reached XP level 7. HP: 43/43 MP: 7/7
  3113 | D:4      | Found Borghu's Jewellery Emporium.
  3123 | D:4      | 3123 ||| SHOPLISTING +5 ring of evasion (504 gold, have
                  | 196).
  3123 | D:4      | 3123 ||| SHOPLISTING amulet of reflection (420 gold, have
                  | 196).
  3123 | D:4      | 3123 ||| SHOPLISTING ring of positive energy (280 gold,
                  | have 196).
  3123 | D:4      | 3123 ||| SHOPLISTING ring of protection from cold (350
                  | gold, have 196).
  3123 | D:4      | 3123 ||| SHOPLISTING ring of protection from fire (350
                  | gold, have 196).
  3123 | D:4      | 3123 ||| SHOPLISTING ring of see invisible (210 gold, have
                  | 196).
  3123 | D:4      | 3123 ||| SHOPLISTING ring of willpower (350 gold, have
                  | 196).
  3178 | D:4      | Reached skill level 6 in Axes
  3358 | D:4      | Found a staircase to the Ecumenical Temple.
  3359 | D:4      | 3359 ||| PLANNING TEMPLE
  3359 | D:4      | 3359 ||| UPGRADING to +0 chain mail.
  3369 | D:4      | 3369 ||| DROPPING +0 scale mail.
  3370 | D:4      | 3370 ||| READING 2 scrolls labelled LAMUH OSOAZ.
  3371 | D:4      | 3371 ||| READING scroll labelled OPPOKL YCLAC.
  3372 | D:4      | 3372 ||| READING scroll labelled ZUL QIDUIKLAME.
  3375 | D:4      | 3375 ||| READING scroll labelled OTZOUG WISU.
  3376 | D:4      | 3376 ||| DRINKING 2 purple potions.
  3377 | D:4      | 3377 ||| DRINKING 2 fizzy blue potions.
  3377 | D:4      | Gained mutation: Armour fits poorly on your strangely
                  | shaped body. [potion of mutation]
  3377 | D:4      | Gained mutation: You occasionally lose the ability to read
                  | scrolls when taking damage. [potion of mutation]
  3378 | D:4      | 3378 ||| DRINKING potion of mutation.
  3378 | D:4      | Lost mutation: Armour fits poorly on your strangely shaped
                  | body. [potion of mutation]
  3378 | D:4      | Lost mutation: You occasionally lose the ability to read
                  | scrolls when taking damage. [potion of mutation]
  3378 | D:4      | Gained mutation: You have large cloven feet. [potion of
                  | mutation]
  3378 | D:4      | Gained mutation: You are vulnerable to cold. (rC-) [potion
                  | of mutation]
  3379 | D:4      | 3379 ||| DROPPING scroll of immolation.
  3413 | Temple   | Entered the Ecumenical Temple
  3612 | Temple   | 3612 ||| PLANNING D:1-11
  3700 | D:5      | Entered Level 5 of the Dungeon
  3858 | D:5      | Noticed Pikel
  3877 | D:5      | Killed Pikel
  3878 | D:5      | Reached XP level 8. HP: 15/48 MP: 8/8
  4000 | D:5      | 4000 ||| Stepping ~*~*~tactically~*~*~ (stealth).
  4066 | D:5      | 4066 ||| Stepping ~*~*~tactically~*~*~ (stealth).
  4321 | D:5      | Reached skill level 7 in Axes
  4387 | D:5      | Found a runed translucent door.
  4388 | D:5      | Noticed Crazy Yiuf
  4392 | D:5      | 4392 ||| DROPPING +2 hammer of protection.
  4526 | D:6      | 4526 ||| DRINKING potion of mutation.
  4526 | D:6      | Lost mutation: You are vulnerable to cold. (rC-) [potion of
                  | mutation]
  4526 | D:6      | Lost mutation: You have large cloven feet. [potion of
                  | mutation]
  4526 | D:6      | Gained mutation: Your body sometimes deteriorates upon
                  | taking damage. [potion of mutation]
  4591 | D:6      | 4591 ||| READING scroll of brand weapon.
  4591 | D:6      | 4591 ||| BRANDING +1 war axe of electrocution.
  4732 | D:6      | 4732 ||| FLEEEEING.
  4733 | D:6      | 4733 ||| FLEEEEING.
  4734 | D:6      | 4734 ||| FLEEEEING.
  4735 | D:6      | 4735 ||| FLEEEEING.
  4736 | D:6      | 4736 ||| FLEEEEING.
  4737 | D:6      | 4737 ||| FLEEEEING.
  4738 | D:6      | 4738 ||| FLEEEEING.
  4739 | D:6      | 4739 ||| FLEEEEING.
  4740 | D:6      | 4740 ||| FLEEEEING.
  4741 | D:6      | 4741 ||| FLEEEEING.
  4742 | D:6      | 4742 ||| FLEEEEING.
  4743 | D:6      | 4743 ||| FLEEEEING.
  4744 | D:6      | 4744 ||| FLEEEEING.
  4745 | D:6      | 4745 ||| FLEEEEING.
  4746 | D:6      | 4746 ||| FLEEEEING.
  4747 | D:6      | 4747 ||| FLEEEEING.
  4748 | D:6      | 4748 ||| FLEEEEING.
  4749 | D:6      | 4749 ||| FLEEEEING.
  4750 | D:6      | 4750 ||| FLEEEEING.
  4751 | D:6      | 4751 ||| FLEEEEING.
  4757 | D:6      | Reached XP level 9. HP: 41/54 MP: 9/9
  4806 | D:6      | 4806 ||| DROPPING +0 flail.
  4809 | D:6      | 4809 ||| DRINKING 5 potions of curing.
  4809 | D:6      | 4809 ||| (to cure confusion)
  4810 | D:6      | 4810 ||| Stepping ~*~*~tactically~*~*~ (hiding).
  4814 | D:6      | 4814 ||| Stepping ~*~*~tactically~*~*~ (hiding).
  4815 | D:6      | 4815 ||| Stepping ~*~*~tactically~*~*~ (hiding).
  4999 | D:6      | Reached skill level 8 in Axes
  5110 | D:6      | 5110 ||| Stepping ~*~*~tactically~*~*~ (hiding).
  5229 | D:6      | Noticed a moth of wrath
  5230 | D:6      | 5230 ||| DRINKING 2 red potions.
  5231 | D:6      | 5231 ||| DRINKING 2 bubbling black potions.
  5550 | D:7      | 5550 ||| Stepping ~*~*~tactically~*~*~ (hiding).
  5558 | D:7      | Reached skill level 6 in Fighting
  5558 | D:7      | 5558 ||| Stepping ~*~*~tactically~*~*~ (hiding).
  5574 | D:7      | 5574 ||| Stepping ~*~*~tactically~*~*~ (stealth).
  5817 | D:7      | Reached skill level 9 in Axes
  5904 | D:7      | 5904 ||| FLEEEEING.
  6273 | D:7      | 6273 ||| READING scroll of brand weapon.
  6273 | D:7      | 6273 ||| BRANDING +1 war axe of freezing.
  6274 | D:7      | 6274 ||| DROPPING +0 morningstar.
  6275 | D:7      | 6275 ||| DROPPING +1 flail of holy wrath.
  6507 | D:7      | 6507 ||| UPGRADING to +0 helmet.
  6512 | D:7      | 6512 ||| UPGRADING to +6 ring of strength.
  6513 | D:7      | 6513 ||| DRINKING 2 silvery potions.
  6514 | D:7      | 6514 ||| READING 2 scrolls of identify.
  6514 | D:7      | 6514 ||| IDENTIFYING puce potion
  6515 | D:7      | 6515 ||| DROPPING potion of degeneration.
  6652 | D:8      | Reached XP level 10. HP: 36/63 MP: 10/10
  6662 | D:8      | HP: 14/63 [yak (4)]
  6663 | D:8      | 6663 ||| READING scroll of teleportation.
  7002 | D:8      | Reached skill level 10 in Axes
  7063 | D:8      | Found a staircase to the Lair.
  7193 | D:8      | Found a hazy altar of Hepliaklqana.
  7200 | D:8      | 7200 ||| READING scroll of brand weapon.
  7200 | D:8      | 7200 ||| BRANDING +1 war axe of flaming.
  7331 | D:8      | 7331 ||| DROPPING +0 club.
  7350 | D:8      | HP: 15/64 [komodo dragon (15)]
  7351 | D:8      | Mangled by a komodo dragon

Levels and vault maps discovered:
D:1:      enne_arrival_octagon_isle, layout_loops_cross,
          shapermc_ecumenical_altar_starsandcircs, serial_glass,
          glass_columns_a, glass_columns_b, glass_columns_b, glass_columns_c,
          glass_columns_b, glass_columns_a, minmay_misc_feat_rows
D:2:      layout_loops_ring, uniq_jessica
D:3:      layout_loops_cross, jmf_multi_god_temple2, grunt_ministairs_15,
          uniq_ijyb
D:4:      layout_loops_cross, grunt_temple_overflow_order_and_chaos_1,
          lemuel_doored_altar, nicolae_ashenzari_skybound, elyvilon_altar_5,
          lemuel_temple_firewalk_b, serial_shops, nicolae_shop_behind_doors
D:5:      layout_basic, minmay_misc_feat_roman, uniq_crazy_yiuf_cottage,
          uniq_pikel
D:6:      layout_loops_ring, tgw_trog
D:7:      layout_loops_ring, serial_rivers, chequers_serial_rivers_room_b,
          chequers_serial_rivers_small_b, chequers_serial_rivers_room_a,
          chequers_serial_rivers_micro_b, chequers_serial_rivers_room_b,
          chequers_serial_rivers_micro_e
D:8:      layout_gridville, mainiacjoe_overflow_tiny_flanked,
          david_lair_shrubbed, minmay_statues_item
Temple:   minmay_temple_curvy_loop

Skill      XL: |  1  2  3  4  5  6  7  8  9 10 |
---------------+-------------------------------+-----
Axes           | 2 3 4 5 6 7 9 10 | 10.0
Fighting       | 4 5 7 8 |  8.1
Dodging        | 1 |  1.7
Throwing       | 1 5 |  5.1
Armour         | 5 |  5.5
Shields        | 4 |  4.3

Action                     |  1- 3 |  4- 6 |  7- 9 | 10-12 || total
---------------------------+-------+-------+-------+-------++-------
  Melee: War axe           |   105 |   123 |   194 |    49 ||   471
  Throw: Boomerang         |       |    20 |    23 |     6 ||    49
         Javelin           |       |     7 |    40 |     6 ||    53
    Use: Scroll            |     3 |     5 |     7 |     2 ||    17
         Potion            |     1 |       |     8 |       ||     9
 Armour: Scale mail        |    49 |    49 |    16 |       ||   114
         Skin              |       |     1 |       |       ||     1
         Chain mail        |       |       |   103 |    34 ||   137
  Dodge: Dodged            |    44 |    48 |    68 |    20 ||   180
  Block: Buckler           |    16 |    18 |    31 |    10 ||    75

Table legend:
 A = Non-vault XP
 B = Vault XP
 C = Vault XP percentage of total XP
 D = Non-vault monster count
 E = Vault monster count
 F = Vault count percentage of total count
                 A         B        C        D         E       F
            +---------+---------+-------+---------+---------+-------
      Total |    5693 |     750 |  11.6 |     160 |       5 |   3.0
            +---------+---------+-------+---------+---------+-------
        D:1 |      47 |      36 |  43.4 |      29 |       1 |   3.3
        D:2 |      57 |      37 |  39.4 |      24 |       1 |   4.0
        D:3 |      63 |      14 |  18.2 |      12 |       2 |  14.3
        D:4 |     515 |       0 |   0.0 |      17 |       0 |   0.0
        D:5 |     516 |     663 |  56.2 |      11 |       1 |   8.3
        D:6 |     852 |       0 |   0.0 |      21 |       0 |   0.0
        D:7 |    1308 |       0 |   0.0 |      25 |       0 |   0.0
        D:8 |    2335 |       0 |   0.0 |      21 |       0 |   0.0
            +---------+---------+-------+---------+---------+-------
